 Dungeon Crawl Stone Soup version bcrawl-1.12-10-g10a67aac0f (webtiles) character file.

Game seed: 4656080149083693993

56 Banto the Ruffian (level 3, 0/28 HPs)
             Began as a Draconian Transmuter on June 11, 2019.
             Slain by a gnoll
             ... wielding a +0 spear
              (4 damage)
             ... on level 2 of the Dungeon.
             The game lasted 00:01:14 (1445 turns).

Banto the Ruffian (Draconian Transmuter)            Turns: 1445, Time: 00:01:15

Health: 0/28       AC:  5    Str: 12    XL:     3   Next: 69%
Magic:  1/7        EV: 12    Int: 14    God:
Gold:   94         SH:  0    Dex: 11    Spells: 1/7 levels left

rFire    . . .     SeeInvis .   j - +1 hand axe (venom)
rCold    . . .     Gourm    .   (no shield)
rNeg     . . .     Faith    .   (armour unavailable)
rPois    .         Spirit   .   (helmet restricted)
rElec    .         Reflect  .   (no cloak)
rCorr    .         Harm     .   (no gloves)
MR       .....                  (no boots)
Stlth    +.........             (no amulet)
HPRegen  0.09/turn              (no ring)
MPRegen  0.10/turn              (no ring)

@: very slightly contaminated
A: unfitting armour, cold-blooded, AC +5
a: no special abilities


You were on level 2 of the Dungeon.
You were not hungry.

You visited 1 branch of the dungeon, and saw 2 of its levels.

You collected 94 gold pieces.

Inventory:

Hand Weapons
 j - a +1 hand axe of venom (weapon)
Missiles
 a - 375 arrows
Jewellery
 k - an uncursed ring of poison resistance {unknown}
Scrolls
 b - 2 scrolls of identify {unknown}
 f - a scroll of blinking {unknown}
 g - a scroll of magic mapping {unknown}
 i - a scroll of enchant armour {unknown}
 m - a scroll of amnesia {unknown}
 o - a scroll of remove curse {unknown}
Potions
 c - a potion of lignification
 e - a potion of degeneration {unknown}
 h - a potion of mutation {unknown}
 n - a potion of berserk rage {unknown}
Comestibles
 d - 3 rations {!d}
 l - 3 chunks of flesh


   Skills:
 - Level 1.1 Fighting
 + Level 2.5 Dodging
 - Level 3.0 Unarmed Combat
 + Level 2.7 Spellcasting
 + Level 2.8 Transmutations


You had one spell level left.
You knew the following spells:

 Your Spells              Type           Power        Failure   Level  Hunger
a - Beastly Appendage     Tmut           #.....       7%          1    #......
b - Sticks to Snakes      Tmut           #.......     11%         2    ###....
c - Spider Form           Tmut/Pois      #.........   36%         3    ###....

Your spell library contained the following spells:

 Spells                   Type           Power        Failure   Level  Hunger
 Ice Form                 Ice/Tmut       #.......     77%         4    #####..
 Blade Hands              Tmut           #.........   88%         5    ######.


Dungeon Overview and Level Annotations

Branches:
Dungeon (2/12)

Altars:
Nemelex Xobeh
The Shining One


Innate Abilities, Weirdness & Mutations

Your plain brown scales are hard. (AC +5)
You cannot fit into any form of body armour.
You are cold-blooded and may be slowed by cold attacks.


Message History

Anything else - Cancel.
Okay, then.
Casting: Sticks to Snakes (safe; 11% risk of failure)
Confirm with . or Enter, or press ? or * to list all spells.
You create a snake!
You now have arrows for 37 snakes.
The gnoll hits you from afar with a +0 spear.
The gnoll hits you with a +0 spear!
* * * LOW HITPOINT WARNING * * *
Your ball python barely misses the gnoll.
Your ball python grabs the gnoll.
Your ball python constricts the gnoll.
You barely miss the gnoll.
The gnoll is lightly wounded.
Your ball python bites the gnoll.
Your ball python constricts the gnoll.
The gnoll hits you with a +0 spear.
* * * LOW HITPOINT WARNING * * *
You hit the gnoll but do no damage.
The gnoll is poisoned.
The gnoll is moderately wounded.
Your ball python bites the gnoll but does no damage.
Your ball python constricts the gnoll.
The gnoll hits you with a +0 spear.
You die...

#.####### #### #.# #.#
##### #.# #... #.#####.##
############# #........#
#...†.......#
#######..###.#†........#
#.....^...S......#
#.######..@g....)####
#...................#######
########.........##.<......
#.........##.#######
#.........##.#
#.........##.#
#########.##.# #.##.#
#....#


You could see a gnoll and a friendly ball python.

Vanquished Creatures
  A gnoll (D:2)
  An adder (D:2)
  A dart slug (D:1)
  4 leopard geckos
  2 giant cockroaches (D:1)
  5 goblins
  A hobgoblin (D:1)
  4 kobolds
  2 bats (D:2)
  2 frilled lizards
  3 rats
26 creatures vanquished.

Vanquished Creatures (collateral kills)
  A gnoll (D:2)
1 creature vanquished.

Grand Total: 27 creatures vanquished

Notes
Turn   | Place    | Note
-------+----------+-------------------------------------------
     0 | D:1      | Banto the Draconian Transmuter began the quest for the Orb.
     0 | D:1      | Reached XP level 1. HP: 16/16 MP: 3/3
   495 | D:1      | Reached XP level 2. HP: 23/23 MP: 5/5
   641 | D:1      | Found a sparkling altar of Nemelex Xobeh.
  1280 | D:2      | Reached XP level 3. HP: 28/28 MP: 6/6
  1284 | D:2      | Learned a level 2 spell: Sticks to Snakes
  1293 | D:2      | Learned a level 3 spell: Spider Form
  1296 | D:2      | Found a glowing golden altar of the Shining One.
  1445 | D:2      | Slain by a gnoll

Skill      XL: |  1 |
---------------+----+-----
Dodging        | 2 |  2.5
Fighting       | |  1.1
Unarmed Combat | |  3.0
Spellcasting   | |  2.7
Transmutations | |  2.8

Action                   || total
-------------------------++-------
Melee: Unarmed           ||    26
       Hand axe          ||    65
       Punch             ||     1
       Tailslap          ||     3
 Cast: Sticks to Snakes  ||     3
 Stab: Sleeping          ||     1
  Eat: Chunk             ||     2
Armor: Skin              ||    40
Dodge: Dodged            ||    58
